 Dungeon Crawl Stone Soup version 0.18-b1-22-ge198996 (webtiles) character file.

239 oplop the Chiller (level 6, -7/41 HPs)
             Began as a Merfolk Ice Elementalist on May 3, 2016.
             Killed by divine providence
             ... invoked by an orc priest
              (13 damage)
             ... on level 4 of the Dungeon.
             The game lasted 00:06:08 (3587 turns).

oplop the Chiller (Merfolk Ice Elementalist)        Turns: 3587, Time: 00:06:09

Health: -7/41      AC:  2    Str:  8    XL:     6   Next: 7%
Magic:  7/11       EV: 15    Int: 14    God:
Gold:   125        SH:  0    Dex: 17    Spells: 3 memorised, 3 levels left

rFire  . . .     SeeInvis .     x - +4 short sword (drain)
rCold  . . .     Gourm    .     w - +0 robe (curse)
rNeg   . . .     Faith    .     (no shield)
rPois  .         Spirit   .     (no helmet)
rElec  .         Dismiss  .     (no cloak)
rCorr  .         Reflect  .     (no gloves)
SustAt .         Harm     .     (no boots)
MR     .....                    (no amulet)
Stlth  ++........               (no ring)
                                (no ring)

@: not resistant to hostile enchantments, unstealthy
A: change form in water, swift swim
a: no special abilities


You were on level 4 of the Dungeon.
You were not hungry.

You visited 1 branch of the dungeon, and saw 4 of its levels.

You collected 125 gold pieces.

Inventory:

Hand Weapons
 m - a +0 dagger
 x - a +4 short sword of draining (weapon)
Armour
 a - a +0 robe
 w - a cursed +0 robe (worn)
Jewellery
 r - an uncursed ring of sustain attributes {unknown}
 t - an uncursed ring of protection from fire {unknown}
Scrolls
 e - 2 scrolls of magic mapping {unknown}
 f - 2 scrolls of teleportation {unknown}
 h - a scroll of immolation {unknown}
 k - a scroll of random uselessness {unknown}
 n - 2 scrolls of amnesia {unknown}
 s - 2 scrolls of remove curse {unknown}
 v - a scroll of identify {unknown}
Potions
 d - a potion of degeneration {unknown}
 g - a potion of resistance {unknown}
 i - a potion of brilliance {unknown}
 j - a potion of haste {unknown}
 l - a potion of magic {unknown}
 o - a potion of cancellation {unknown}
 q - 2 potions of flight {unknown}
 u - a potion of heal wounds {unknown}
Books
 b - a book of Frost

   Spells                             Type                      Level
   a - Freeze                         Ice                          1
   b - Throw Frost                    Conjuration/Ice              2
   c - Ozocubu's Armour               Charms/Ice                   3
   d - Throw Icicle                   Conjuration/Ice              4
   e - Summon Ice Beast               Ice/Summoning                4
Comestibles
 c - 5 bread rations
 p - a slice of pizza
 z - a chunk of flesh
 A - a beef jerky


   Skills:
 + Level 4.7 Dodging
 - Level 2.1 Stealth
 + Level 3.4 Spellcasting
   Level 0.7 Conjurations
 + Level 0.4 Summonings
 + Level 5.2 Ice Magic


You had 3 spell levels left.
You knew the following spells:

 Your Spells              Type           Power        Failure   Level  Hunger
a - Freeze                Ice            ###.         2%          1    #......
b - Ozocubu's Armour      Chrm/Ice       #.......     24%         3    ###....
c - Summon Ice Beast      Ice/Summ       ##......     71%         4    #####..


Dungeon Overview and Level Annotations

Branches:
Dungeon (4/15)
 Temple: D:4-7

Altars:
Nemelex Xobeh
Sif Muna
Zin


Message History

Casting: Freeze
Confirm with . or Enter, or press ? or * to list all spells.
Aiming: Freeze
Press: ? - help, Shift-Dir - straight line, f/p - orc wizard
Aim: an orc wizard, wielding a dagger and wearing a robe (almost dead)
You freeze the orc wizard.
You kill the orc wizard!
You have reached level 6!
Your experience leads to an increase in your attributes!
Increase (S)trength, (I)ntelligence, or (D)exterity?
You feel agile. The orc misses you.
Drink which item? (? for menu, Esc to quit)
Okay, then.
An orc priest comes into view. It is wielding a morningstar.
The orc priest casts a cantrip, but nothing happens.
There is a stone staircase leading up here.
The orc priest calls down the wrath of Beogh upon you.
Beogh smites you!
You die...

####### .... .......
...... ....... ......
.......#+######......
.......@o............
........o<...........
.....................
#................)......
...............o.......
#......................
+......................
#........########......
#........# ......


You could see an orc priest and 2 orcs.

Vanquished Creatures
  An orc wizard (D:4)
  Terence (D:2)
  A worker ant (D:4)
  A hound skeleton (D:3)
  4 adders
  An ooze (D:1)
  An adder skeleton (D:3)
  3 worms
  A dart slug (D:1)
  3 giant geckos
  7 orcs
  2 giant cockroaches (D:1)
  11 hobgoblins
  6 jackals (D:2)
  2 quokkas (D:3)
  A ball python (D:2)
  11 bats
  4 giant newts
  10 goblins
  4 kobolds
  8 rats
83 creatures vanquished.

Notes
Turn   | Place    | Note
--------------------------------------------------------------
     0 | D:1      | oplop the Merfolk Ice Elementalist began the quest for the Orb.
     0 | D:1      | Reached XP level 1. HP: 13/13 MP: 3/3
   134 | D:1      | Reached XP level 2. HP: 19/19 MP: 3/5
   549 | D:1      | Reached XP level 3. HP: 23/24 MP: 3/6
  1066 | D:1      | Learned a level 3 spell: Ozocubu's Armour
  1162 | D:2      | Reached skill level 4 in Ice Magic
  1342 | D:2      | Reached XP level 4. HP: 25/30 MP: 5/7
  1405 | D:2      | Noticed Terence
  1440 | D:2      | Killed Terence
  1862 | D:2      | Found a glowing silver altar of Zin.
  2180 | D:3      | Found a deep blue altar of Sif Muna.
  2462 | D:3      | Reached XP level 5. HP: 20/35 MP: 6/9
  2735 | D:3      | Found a sparkling altar of Nemelex Xobeh.
  3295 | D:3      | Reached skill level 5 in Ice Magic
  3409 | D:4      | Noticed an ogre
  3433 | D:4      | Learned a level 4 spell: Summon Ice Beast
  3581 | D:4      | Reached XP level 6. HP: 6/41 MP: 6/11
  3587 | D:4      | Killed from afar by an orc priest

Skill      XL: |  1  2  3  4  5 |
---------------+----------------+-----
Dodging        | 3 4 |  4.7
Ice Magic      | 4 5 |  5.2
Spellcasting   | 3 |  3.4
Stealth        | |  2.1
Conjurations   | |  0.7
Summonings     | |  0.4

Action                   |  1- 3 |  4- 6 || total
-------------------------+-------+-------++-------
Melee: Unarmed           |    50 |       ||    50
       Dagger            |     6 |    80 ||    86
       Short sword       |       |    19 ||    19
 Cast: Freeze            |    39 |    68 ||   107
       Ozocubu's Armour  |     1 |       ||     1
 Stab: Sleeping          |     4 |     6 ||    10
       Distracted        |       |     2 ||     2
  Eat: Chunk             |     2 |     8 ||    10
Armor: Robe              |    29 |     9 ||    38
Dodge: Dodged            |    83 |   104 ||   187
